 Dungeon Crawl Stone Soup version 0.30-a0-691-g754fce4c43 (webtiles) character file.

Game seed: 4187339124843539171

8826 benadryl the Grappler (level 11, 0/113 HPs)
             Began as a Troll Fighter on Jan 19, 2023.
             Slain by a hornet (6 damage)
             ... on level 10 of the Dungeon.
             The game lasted 00:17:06 (9942 turns).

benadryl the Grappler (Troll Fighter)               Turns: 9942, Time: 00:17:07

Health: 0/113      AC:  9    Str: 30    XL:     11   Next: 15%
Magic:  10/10      EV: 13    Int:  4    God:
Gold:   604        SH:  7    Dex:  9    Spells: 10/10 levels left

rFire   . . .      SeeInvis .      - Unarmed
rCold   . . .      Faith    .    b - +0 kite shield
rNeg    . . .      Spirit   .    a - +0 robe
rPois   .          Reflect  .    O - +1 hat {Will+}
rElec   .          Harm     .    (no cloak)
rCorr   .          Rampage  .    (gloves unavailable)
Will    +....                    (boots unavailable)
Stlth   +                        (no amulet)
HPRegen 1.18/turn                k - +5 ring of evasion
MPRegen 0.12/turn                t - +4 ring of protection

@: lethally poisoned (0 -> -2), slowed, very slow
A: large, unfitting armour, claws 3, regeneration 1, shaggy fur 1, tough skin 1
a: no special abilities


You were on level 10 of the Dungeon.
You visited 2 branches of the dungeon, and saw 11 of its levels.

You collected 604 gold pieces.

Inventory:

Missiles
 c - 6 large rocks
 r - 6 silver javelins (quivered)
Armour
 a - a +0 robe (worn)
 b - a +0 kite shield (worn)
 O - a +1 hat of willpower (worn)
Jewellery
 j - an amulet of magic regeneration
 k - a +5 ring of evasion (left claw)
 t - a +4 ring of protection (right claw)
 v - an amulet of reflection
 E - a ring of fire
 L - a +6 ring of intelligence
Wands
 u - a wand of digging (2)
 x - a wand of paralysis (14)
 G - a wand of flame (47)
 M - a wand of iceblast (18)
Scrolls
 e - 2 scrolls of magic mapping
 h - 8 scrolls of identify {@r1}
 i - 4 scrolls of teleportation {unknown}
 l - 2 scrolls of blinking {unknown}
 n - 2 scrolls of enchant weapon {unknown}
 o - a scroll of acquirement {unknown}
 p - 3 scrolls of torment {unknown}
 s - 2 scrolls of fear {unknown}
 y - 4 scrolls of amnesia {unknown}
 A - 3 scrolls of vulnerability {unknown}
 B - a scroll of poison {unknown}
 C - 4 scrolls of fog {unknown}
 F - a scroll of noise {unknown}
 H - 2 scrolls of enchant armour {unknown}
 N - a scroll of silence {unknown}
Potions
 d - 8 potions of curing {@q1}
 f - a potion of berserk rage {unknown}
 g - 2 potions of mutation {unknown}
 m - 3 potions of magic {unknown}
 q - 2 potions of brilliance
 w - 2 potions of lignification {unknown}
 z - 3 potions of flight {unknown}
 D - a potion of haste {unknown}
 I - a potion of attraction {unknown}
 J - a potion of might
 K - 5 potions of degeneration
 P - a potion of cancellation {unknown}


   Skills:
 + Level 8.9 Fighting
 - Level 2.4 Dodging
 - Level 2.6 Shields
 * Level 14.2 Unarmed Combat


You had 10 spell levels left.
You didn't know any spells.
Your spell library contained the following spells:

 Spells                   Type           Power      Damage    Failure   Level
 Beastly Appendage        Tmut           0%         N/A       80%         1
 Sandblast                Erth           0%         2d4       80%         1
 Passwall                 Tmut/Erth      0%         N/A       91%         2
 Wereblood                Tmut           0%         N/A       91%         2
 Spider Form              Tmut/Pois      0%         N/A       99%         3
 Stone Arrow              Conj/Erth      0%         3d7       99%         3


Dungeon Overview and Level Annotations

Branches:
Dungeon (10/15)            Temple (0/1) D:6            Lair (1/5) D:8
    Orc: D:9-12

Altars:
Ashenzari
Dithmenos
Kikubaaqudgha
Okawaru
Ru
Trog
Uskayaw
Wu Jian
Xom
The Shining One

Shops:
D:6 !   D:9 *

Portals:
Bailey: D:10

Annotations:
D:3 2 transporters, Dittersdorf's ghost, amateur GrFi


Innate Abilities, Weirdness & Mutations

You are too large for most types of armour.
You have claws for hands.
Your natural rate of healing is unusually fast.
You are covered in fur. (AC +1)
You have tough skin. (AC +1)


Message History

You are more poisoned.
You suddenly lose the ability to move!
The wraith hits you! The wraith drains your vigour!
You feel yourself slow down. The yak gores you! The hornet stings you!
You are more poisoned.
You feel as though you will be slow longer.
You feel very sick. The hornet stings you.
* * * LOW HITPOINT WARNING * * *
You feel as though you will be slow longer.
The wraith hits you!
* * * LOW HITPOINT WARNING * * *
The wraith drains your vigour!
You feel as though you will be slow longer.
The yak gores you but does no damage. x2; The yak gores you.
* * * LOW HITPOINT WARNING * * *
You can move again.
As you read the scroll labelled DONOSI PUPSAJ, it crumbles to dust.
You feel aware of your surroundings.
It was a scroll of magic mapping.
You feel very sick. The hornet barely misses you.
The wraith closely misses you. The yak misses you. The yak closely misses you.
You block the yak's attack. The hornet stings you.
* * * LOW HITPOINT WARNING * * *
You feel as though you will be slow longer.
As you read the scroll labelled IFALEA AQUE, it crumbles to dust.
It is a scroll of identify.
q - 2 potions of brilliance You feel very sick.
The hornet stings you.
* * * LOW HITPOINT WARNING * * *
You feel as though you will be slow longer.
The wraith hits you!
* * * LOW HITPOINT WARNING * * *
The wraith drains your vigour!
You feel as though you will be slow longer.
The yak gores you but does no damage. You block the yak's attack.
The yak completely misses you. The hornet stings you.
You die...

,,,,,,,,,,,,,#......#
,,,,,,,,,,,,,#......#
,,,,,,,,.....#......#
,,,,,,,,.....#......#
********.....###....#
,,,,,,,*.......#....#
,,,,,,,*.......#....#
,,,,,,,*.......#....###
,,^,,,,*......YW@Y....#
,,,,,,,*.......yYY....#
****,,,*.......)Y)....#
,,,*+***........).....#*****
,,,,,,,,.............)..,,,*
,,,,,,,,................,,,*
,,,,,,,,.......#.......#****
****,,,,.......#.......#
,,,*,,,,..(....#.......#


You could see 5 yaks, a hornet and a wraith.

Vanquished Creatures
  Gastronok (D:8)
  A two-headed ogre (D:8)
  Nergalle (D:10)
  Pikel (D:4)
  Maurice (D:8)
  A black mamba (Lair:1)
  Psyche (D:10)
  3 blink frogs (Lair:1)
  A hornet (D:7)
  A shadow (D:6)
  2 wyverns (Lair:1)
  A fire elemental (Lair:1)
  Menkaure (D:4)
  2 steam dragons
  Edmund (D:5)
  3 water moccasins
  An orc warrior (D:9)
  2 sky beasts (D:7)
  4 ice beasts
  An ogre (D:5)
  3 centaurs
  A lemure (D:4)
  A phantom (D:6)
  A kobold brigand (D:9)
  2 bullfrogs
  2 gnoll sergeants
  3 necrophages
  7 wights (D:9)
  2 howler monkeys (D:9)
  An electric eel (D:8)
  3 hounds
  2 gnoll boudas (D:9)
  6 jellies
  5 orc priests
  Ijyb (D:4)
  5 iguanas
  4 orc wizards
  Robin (D:1)
  21 gnolls
  6 adders
  A shadow imp (D:3)
  A white imp (D:6)
  2 ufetubi (D:6)
  7 worms
  22 orcs
  6 endoplasms
  3 giant cockroaches (D:1)
  21 goblins
  7 hobgoblins
  3 jackals (D:4)
  10 kobolds
  3 quokkas
  7 ball pythons
  9 bats
  4 frilled lizards
  3 rats
216 creatures vanquished.

Vanquished Creatures (others)
  A fungus (Lair:1)
  5 plants (D:3)
6 creatures vanquished.

Grand Total: 222 creatures vanquished

Notes
Turn   | Place    | Note
-------+----------+-------------------------------------------
     0 | D:1      | benadryl the Troll Fighter began the quest for the Orb.
     0 | D:1      | Reached XP level 1. HP: 22/22 MP: 0/0
   135 | D:1      | Reached XP level 2. HP: 29/29 MP: 1/1
   508 | D:1      | Reached skill level 3 in Unarmed Combat
   520 | D:1      | Reached XP level 3. HP: 36/36 MP: 2/2
   668 | D:2      | Noticed Robin
   817 | D:1      | Killed Robin
  1293 | D:2      | Reached XP level 4. HP: 45/45 MP: 3/3
  1499 | D:3      | Found a hide-covered altar of Uskayaw.
  1520 | D:3      | Reached skill level 4 in Unarmed Combat
  1787 | D:3      | Reached XP level 5. HP: 49/53 MP: 4/4
  1864 | D:3      | Found a glowing drain.
  2042 | D:3      | Noticed Dittersdorf's ghost (amateur GrFi)
  2093 | D:3      | Found a transporter.
  2093 | D:3      | Found a transporter.
  2174 | D:4      | Noticed a lemure
  2174 | D:4      | Noticed a lemure
  2174 | D:4      | Noticed a lemure
  2183 | D:4      | Noticed Pikel
  2188 | D:4      | Killed a lemure
  2196 | D:4      | Killed Pikel
  2197 | D:4      | Reached skill level 6 in Unarmed Combat
  2197 | D:4      | Reached XP level 6. HP: 56/63 MP: 5/5
  2197 | D:4      | Reached XP level 7. HP: 63/71 MP: 6/6
  2337 | D:4      | Noticed Ijyb
  2344 | D:4      | Killed Ijyb
  2395 | D:4      | Found a shadowy altar of Dithmenos.
  2613 | D:4      | Noticed Menkaure
  2619 | D:4      | Killed Menkaure
  2620 | D:4      | Reached skill level 7 in Unarmed Combat
  2769 | D:4      | Found an iron altar of Okawaru.
  3040 | D:5      | Entered Level 5 of the Dungeon
  3115 | D:5      | Reached skill level 5 in Fighting
  3175 | D:5      | Reached skill level 8 in Unarmed Combat
  3175 | D:5      | Reached XP level 8. HP: 80/80 MP: 7/7
  3269 | D:5      | Noticed Edmund
  3284 | D:5      | Killed Edmund
  3558 | D:5      | Found a sacrificial altar of Ru.
  3826 | D:5      | Noticed a moth of wrath
  3828 | D:5      | Found a bloodstained altar of Trog.
  4272 | D:6      | Found an ancient bone altar of Kikubaaqudgha.
  4331 | D:6      | Found a staircase to the Ecumenical Temple.
  4347 | D:6      | Found Difitedgh's Distillery.
  4801 | D:6      | Reached skill level 9 in Unarmed Combat
  5476 | D:7      | Reached XP level 9. HP: 89/89 MP: 8/8
  5554 | D:7      | Reached skill level 10 in Unarmed Combat
  6083 | D:8      | Noticed Maurice
  6087 | D:8      | Found an ornate altar of the Wu Jian Council.
  6093 | D:8      | Killed Maurice
  6094 | D:8      | Reached skill level 11 in Unarmed Combat
  6210 | D:8      | Found a staircase to the Lair.
  6219 | D:8      | Noticed Gastronok
  6243 | D:8      | Killed Gastronok
  6244 | D:8      | Reached skill level 12 in Unarmed Combat
  6244 | D:8      | Reached XP level 10. HP: 68/102 MP: 9/9
  6473 | D:8      | Found a broken altar of Ashenzari.
  6478 | D:8      | Noticed a two-headed ogre
  6489 | D:8      | Killed a two-headed ogre
  7008 | Lair:1   | Entered Level 1 of the Lair of Beasts
  7241 | Lair:1   | Noticed a black mamba
  7252 | Lair:1   | Killed a black mamba
  7253 | Lair:1   | Reached skill level 13 in Unarmed Combat
  7314 | Lair:1   | Identified the +0 helmet of the Cricket {+Inv}
  8444 | D:9      | Found Zebrul's Fire Supplies.
  8584 | D:9      | Found a shimmering altar of Xom.
  8619 | D:9      | Reached XP level 11. HP: 90/112 MP: 10/10
  9367 | D:9      | Found a glowing golden altar of the Shining One.
  9682 | D:10     | Entered Level 10 of the Dungeon
  9761 | D:10     | Reached skill level 14 in Unarmed Combat
  9792 | D:10     | Noticed Nergalle
  9799 | D:10     | Killed Nergalle
  9858 | D:10     | Noticed Psyche
  9863 | D:10     | Killed Psyche
  9927 | D:10     | Found a flagged portal.
  9939 | D:10     | Paralysed by a hornet for 2 turns
  9942 | D:10     | Slain by a hornet

Illustrated notes

Levels and vault maps discovered:
D:1:      lemuel_arrival_muddy, layout_loops_ring, st_stairs_1
D:2:      layout_loops_ring, dreamdust_wishing_well, uniq_robin
D:3:      layout_rooms, nicolae_uskayaw_murder_on_the_dancefloor,
          gammafunk_ghost_gnarly_gnolls, cheibrodos_sewer_entry_sluice
D:4:      minmay_spotlight, layout_basic, okawaru_metal_pillars_1_2,
          mainiacjoe_overflow_paths, minivault_26, uniq_ijyb, uniq_pikel,
          uniq_menkaure
D:5:      layout_loops_ring, mainiacjoe_overflow_alcove_4, tgw_trog,
          minmay_ogre_servants, uniq_edmund
D:6:      layout_layer_cave, nicolae_overflow_crystal_walls,
          minmay_temple_entry_gardened_gates, serial_shops,
          nicolae_shop_waterfront, hangedman_decor_clover_reticule,
          minivault_27, corexii_mini_fake_secret_closet
D:7:      layout_basic
D:8:      layout_rooms, evilmike_ruin_ashenzari, nzn_wu_jian_contemplation,
          lair_entry_dummy, amcnicky_mini_corridor_feature, water_maze_lemuel,
          uniq_gastronok, uniq_maurice
D:9:      layout_layer_cave, marbit_many_paths, mainiacjoe_overflow_boulevard,
          serial_rivers, chequers_serial_rivers_room_a,
          chequers_serial_rivers_room_a, chequers_serial_rivers_large_a,
          chequers_serial_rivers_micro_d, eino_curves_02, nicolae_shop_fire_sale
          [nicolae_sub_dead_trees], blue_anna_alchemist
D:10:     layout_irregular_city, enter_bailey_2, uniq_psyche, uniq_nergalle
Lair:1:   layout_gridlike

Skill      XL: |  1  2  3  4  5  6  7  8  9 10 11 |
---------------+----------------------------------+-----
Unarmed Combat | 3 4 6 8 9 12 13 14 | 14.2
Fighting       | 3 4 5 6 7 8 |  8.9
Dodging        | |  2.4
Shields        | |  2.6

Action                   |  1- 3 |  4- 6 |  7- 9 | 10-12 || total
-------------------------+-------+-------+-------+-------++-------
Melee: Unarmed           |   123 |    77 |   253 |   203 ||   656
Throw: Javelin           |       |       |       |     2 ||     2
  Use: Potion            |       |     2 |     1 |       ||     3
       Scroll            |       |       |       |     2 ||     2
Armor: Robe              |    48 |    19 |    72 |    61 ||   200
Dodge: Dodged            |    65 |    44 |   120 |   103 ||   332
Block: Kite shield       |    50 |    34 |    80 |    77 ||   241

Table legend: (Time is in decaauts)
 A = Elapsed time spent in this place.
 B = Non-inter-level travel time spent in this place.
 C = Inter-level travel time spent in this place.
 D = Time resting spent in this place.
 E = Time spent auto-exploring this place.
 F = Levels seen in this place.
 G = Mean time per level.
                   A        B        C        D        E       F      G
               +--------+--------+--------+--------+--------+-----+--------+
         Total |   9945 |   9471 |    474 |    930 |   6996 |  11 |  904.1 |
       Dungeon |   9060 |   8660 |    400 |    930 |   6260 |  10 |  906.0 |
          Lair |    884 |    810 |     74 |      0 |    736 |   1 |  884.0 |
               +--------+--------+--------+--------+--------+-----+--------+

Top non-repeatable levels by time:
     D:9: 1741 daAuts
     D:6: 1320 daAuts
     D:5: 1037 daAuts
     D:8: 1027 daAuts
  Lair:1: 884 daAuts
     D:4: 880 daAuts
     D:2: 825 daAuts
     D:1: 802 daAuts
     D:7: 615 daAuts
     D:3: 550 daAuts
    D:10: 260 daAuts
